 Dungeon Sprint DCSS version 0.17-a0-1570-g74b7129 (webtiles) character file.

66 nuthulu the Grappler (level 8, -5/82 HPs)
             Began as a Ghoul Monk on July 23, 2015.
             Was the Champion of Makhleb.
             Slain by a griffon (15 damage)
             ... in the Dungeon (Sprint VI: "Thunderdome").
             The game lasted 00:03:18 (402 turns).

nuthulu the Grappler (Ghoul Monk)                    Turns: 402, Time: 00:03:18

Health: -5/82      AC:  3    Str: 18    XL:     8   Next: 24%
Magic:  16/16      EV: 18    Int:  5    God:    Makhleb [******]
Gold:   121        SH:  0    Dex: 15    Spells: 0 memorised, 7 levels left

rFire  + . .     SeeInvis +       - Unarmed
rCold  + + .     Clarity  .     a - +0 robe
rNeg   + + +     SustAt   .     (no shield)
rPois  ∞         Gourm    .     (no helmet)
rElec  .         Spirit   .     p - +0 cloak
rCorr  .         Warding  .     (no gloves)
rMut   .         NoTele   +     (no boots)
MR     .....                    m - amulet of Offyonatsa {Faith MR- MP+9 Dex+3}
Stlth  +++.......               o - ring of Tidufutz {rC+ Dex+4 SInv}
                                n - ring "Pixufekk" {rF+ Str+3 Dex-5 SInv Stlth+}

@: mesmerised, rotting, not resistant to hostile enchantments, fairly stealthy
A: rotting body, claws 1, carnivore 3, cold resistance 1, negative energy
resistance 3, slow healing 1, torment resistance, unbreathing
a: Minor Destruction, Lesser Servant of Makhleb, Major Destruction, Greater
Servant of Makhleb, Renounce Religion


You were in the Dungeon.
You worshipped Makhleb.
Makhleb was exalted by your worship.
You were not hungry.

You visited 1 branch You collected 310 gold pieces.
You spent 189 gold pieces at shops.

Inventory:

Armour
 a - a +0 robe (worn)
 p - a +0 cloak (worn)
Jewellery
 m - the amulet of Offyonatsa (around neck) {Faith MR- MP+9 Dex+3}
   (You bought it in a shop in the Dungeon)

   [amulet of faith]

   It allows you to gain divine favour quickly.
   It affects your dexterity (+3).
   It affects your resistance to hostile enchantments.
   It affects your magic capacity (+9).
 n - the ring "Pixufekk" (left claw) {rF+ Str+3 Dex-5 SInv Stlth+}
   (You bought it in a shop in the Dungeon)

   [ring of strength]

   It affects your strength (+3).
   It affects your dexterity (-5).
   It protects you from fire.
   It lets you see invisible.
   It makes you more stealthy.
 o - the ring of Tidufutz (right claw) {rC+ Dex+4 SInv}
   (You bought it in a shop in the Dungeon)

   [ring of see invisible]

   It affects your dexterity (+4).
   It protects you from cold.
   It lets you see invisible.
Magical devices
 i - a wand of cold (5)
 j - a wand of fire (5)
Scrolls
 h - 4 scrolls of blinking
 k - 3 scrolls of fog
Potions
 c - a potion of curing
 d - 2 potions of heal wounds
 e - 4 potions of haste
 f - 2 potions of magic
 g - a potion of berserk rage
 l - a potion of resistance
Comestibles
 b - a meat ration
 q - a chunk of flesh


   Skills:
 + Level 11.3 Fighting
 + Level 9.6 Dodging
 - Level 2.5 Stealth
 + Level 12.0 Unarmed Combat


You had 7 spell levels left.
You didn't know any spells.

Dungeon Overview and Level Annotations

Branches:
Dungeon (1/1)

Altars:
Cheibriados
Dithmenos
Fedhas
Gozag
Kikubaaqudgha
Makhleb
Okawaru
Qazlal
Ru
Sif Muna
Trog
Vehumet
Xom
Yredelemnul
Zin
The Shining One
Jiyva
Lugonu

Shops:
D *[%??*?*:[((!!!!


Innate Abilities, Weirdness & Mutations

Your body is rotting away.
You thrive on raw meat.
You are immune to poison.
You have sharp fingernails.
You are carnivorous and can eat meat at any time.
Your flesh is cold resistant.
You are immune to negative energy.
You heal slowly when monsters are visible.
You are immune to unholy pain and torment.
You can survive without breathing.


Message History

Unknown command.
Drink which item? (? for menu, Esc to quit)
You feel much better. The griffon misses you.
The griffon completely misses you. The griffon claws you!
* * * LOW HITPOINT WARNING * * *
The siren chants its luring song.
You scratch the griffon.
The griffon is severely wounded.
The merfolk hits you from afar with a trident.
* * * LOW HITPOINT WARNING * * *
The griffon misses you. The griffon pecks you.
* * * LOW HITPOINT WARNING * * *
The griffon claws you!
* * * LOW HITPOINT WARNING * * *
The siren chants its luring song.
You scratch the griffon but do no damage.
You claw the griffon.
The griffon is severely wounded.
The merfolk completely misses you. The griffon bites you!
You die...

##∩_._..†...###......___
###∩........8.# #.8.......
##..m[.........###.........
#⌠..........###...###......
#⌠..........# #.<.# #......
#⌠.........)###...###......
##..........(..###.........
###∩.......m8.# #.8.......
##∩___H@....###......___
######.8.........8.####
#).....†.....⌠#
###.........### #_........#
#_........# #_........#
#∩.......∩# ##∩.....∩##


You could see a griffon (bleeding), a merfolk and a siren.

Vanquished Creatures
  Grinder (D)
  Eustachio (D)
  4 necrophages (D)
  2 centaurs (D)
  2 wights (D)
  An iron imp (D)
  A white imp (D)
  A shadow imp (D)
  An adder skeleton (D)
  A bat zombie (D)
  A giant gecko skeleton (D)
16 creatures vanquished.

Vanquished Creatures (collateral kills)
  A necrophage (D)
1 creature vanquished.

Grand Total: 17 creatures vanquished

Notes
Turn   | Place    | Note
--------------------------------------------------------------
     0 | D        | nuthulu the Ghoul Monk began the quest for the Orb.
     0 | D        | Reached XP level 1. HP: 19/19 MP: 0/0
     1 | D        | Found a bloodstained altar of Trog.
     1 | D        | Found an ancient bone altar of Kikubaaqudgha.
     2 | D        | Found a snail-covered altar of Cheibriados.
     2 | D        | Found a glowing golden altar of the Shining One.
     3 | D        | Found a stormy altar of Qazlal.
     4 | D        | Found a shimmering altar of Xom.
     4 | D        | Found Siretroi's Premium Goods.
     4 | D        | Found Tulapsunn's Weapon Rack.
     5 | D        | Found Kesak's Miscellaneous Merchandise.
     5 | D        | Found Ickuj's Basic Armour.
     5 | D        | Round 1.
     6 | D        | Found Kommydo's Identification Station.
     7 | D        | Found Ostipsi's Advanced Armour.
     7 | D        | Found Danul's Jewellery.
     8 | D        | Found a burning altar of Makhleb.
     8 | D        | Found a shadowy altar of Dithmenos.
     8 | D        | Found Zelemoc's Bee Food.
    10 | D        | Noticed an iron imp
    16 | D        | Became a worshipper of Makhleb the Destroyer
    16 | D        | Acquired Makhleb's first power
    16 | D        | Acquired Makhleb's second power
    34 | D        | Killed an iron imp
    34 | D        | Reached skill level 6 in Unarmed Combat
    34 | D        | Reached XP level 2. HP: 14/28 MP: 1/1
    34 | D        | Reached XP level 3. HP: 17/34 MP: 2/2
    44 | D        | Noticed Eustachio
    48 | D        | Bought a heavily runed brass amulet for 45 gold pieces
    48 | D        | Bought a bound pewter ring for 45 gold pieces
    48 | D        | Bought a scorched iron ring for 45 gold pieces
    48 | D        | Identified the amulet of Offyonatsa {Faith MR- MP+9 Dex+3} (You bought it in a shop in the Dungeon)
    49 | D        | Identified the ring "Pixufekk" {rF+ Str+3 Dex-5 SInv Stlth+} (You bought it in a shop in the Dungeon)
    50 | D        | Identified the ring of Tidufutz {rC+ Dex+4 SInv} (You bought it in a shop in the Dungeon)
    66 | D        | Killed Eustachio
    66 | D        | Acquired Makhleb's third power
    66 | D        | Reached skill level 7 in Fighting
    66 | D        | Reached skill level 8 in Unarmed Combat
    66 | D        | Reached XP level 4. HP: 6/47 MP: 3/3
    66 | D        | Reached XP level 5. HP: 6/52 MP: 3/4
    67 | D        | Noticed Grinder
    91 | D        | Killed Grinder
    91 | D        | Arena points: 12 (+12) [x2]
    91 | D        | Reached skill level 9 in Fighting
    91 | D        | Reached skill level 10 in Unarmed Combat
    91 | D        | Reached XP level 6. HP: 35/63 MP: 5/5
   102 | D        | Found an iron altar of Okawaru.
   105 | D        | Bought a +0 cloak for 54 gold pieces
   115 | D        | Found a viscous altar of Jiyva.
   115 | D        | Found an opulent altar of Gozag.
   137 | D        | Found Xibebbeme's Do-It-Yourself Clinic.
   138 | D        | Round 2.
   139 | D        | Found Ytioxt's Bottled Wisdom.
   139 | D        | Found Waeboc's Distillery.
   139 | D        | Found a corrupted altar of Lugonu.
   139 | D        | Found a basalt altar of Yredelemnul.
   139 | D        | Found a radiant altar of Vehumet.
   139 | D        | Found Zunet's Distillery.
   144 | D        | Found a glowing silver altar of Zin.
   146 | D        | Found a sacrificial altar of Ru.
   148 | D        | Found Kinokkir's Staff Store.
   151 | D        | Acquired Makhleb's fourth power
   152 | D        | Found a blossoming altar of Fedhas.
   152 | D        | Found a deep blue altar of Sif Muna.
   152 | D        | Found Sihouluh's Magic Scroll Shop.
   152 | D        | Found Gazaept's Must-Have Magic.
   152 | D        | Found Athres's Magic Scroll Shop.
   155 | D        | Reached XP level 7. HP: 37/71 MP: 6/6
   167 | D        | Acquired Makhleb's fifth power
   167 | D        | Reached skill level 10 in Fighting
   167 | D        | Reached skill level 11 in Unarmed Combat
   202 | D        | Arena points: 48 (+36) [x3]
   217 | D        | Round 3.
   283 | D        | Reached XP level 8. HP: 59/82 MP: 7/7
   316 | D        | Arena points: 66 (+18) [x1]
   331 | D        | Round 4.
   372 | D        | Reached skill level 12 in Unarmed Combat
   381 | D        | Noticed a griffon
   389 | D        | Noticed a merfolk
   391 | D        | Noticed a siren
   398 | D        | HP: 2/82 [merfolk/trident (8)]
   402 | D        | Slain by a griffon

Vault maps used:
D:        arena_sprint

Action                   |  1- 3 |  4- 6 |  7- 9 || total
-------------------------+-------+-------+-------++-------
Melee: Unarmed           |    33 |    13 |    44 ||    90
Invok: Lesser Servant of |       |       |     1 ||     1
  Use: Potion            |       |     1 |     1 ||     2
 Stab: Distracted        |       |     1 |     1 ||     2
  Eat: Chunk             |       |       |     4 ||     4
